 Dungeon Crawl Stone Soup version 0.27-a0-906-g0a00ce863d (webtiles) character file.

Game seed: 1926911406250806090

1719 wakim the Insei (level 9, -1/54 HPs)
             Began as an Octopode Transmuter on Apr 6, 2021.
             Slain by Grinder (3 damage)
             ... on level 3 of the Dungeon.
             The game lasted 00:22:54 (9063 turns).

wakim the Insei (Octopode Transmuter)               Turns: 9063, Time: 00:22:55

Health: -1/54      AC:  2    Str: 15    XL:     9   Next: 4%
Magic:  11/13      EV: 21    Int: 19    God:
Gold:   156        SH:  0    Dex: 17    Spells: 4/13 levels left

rFire    . . .     SeeInvis .     - Unarmed
rCold    . . .     Faith    .   (shield currently unavailable)
rNeg     . . .     Spirit   .   (helmet currently unavailable)
rPois    .         Reflect  .   (no amulet)
rElec    .         Harm     .   a - +6 ring of strength
rCorr    .         Rampage  .   n - ring of willpower
Will     +....                  g - ring of poison resistance
Stlth    +++.......             (no ring)
HPRegen  0.18/turn              (no ring)
MPRegen  0.13/turn              (no ring)
                                (no ring)
                                (no ring)

@: spider-form, hasted, very quick
A: venomous fangs, almost no armour, (amphibious), 8 rings, tiny, (camouflage
1), (gelatinous body 1), (nimble swimmer 1), (tentacles)
a: End Transformation


You were on level 3 of the Dungeon.
You were a venomous arachnid creature.
You visited 2 branches of the dungeon, and saw 7 of its levels.

You collected 288 gold pieces.
You spent 132 gold pieces at shops.

Inventory:

Missiles
 m - 69 poisoned darts (quivered)
Armour
 i - a +2 buckler of resistance (melded)
Jewellery
 a - a +6 ring of strength (left front leg)
 b - a ring of ice
 g - a ring of poison resistance (on tentacle)
 n - a ring of willpower (right front leg)
Wands
 y - a wand of paralysis (3)
Scrolls
 d - a scroll of enchant armour
 Q - a scroll of immolation
 R - a scroll of magic mapping
 T - 3 scrolls of teleportation
Potions
 c - a potion of berserk rage {unknown}
 e - a potion of resistance {unknown}
 f - 2 potions of might {unknown}
 h - a potion of cancellation {unknown}
 j - 3 potions of attraction {unknown}
 k - 2 potions of heal wounds {unknown}
 l - a potion of magic {unknown}
 p - 2 potions of brilliance {unknown}
 F - a potion of curing
 G - 2 potions of flight
 H - a potion of haste


   Skills:
 + Level 1.7 Fighting
 + Level 4.3 Dodging
 - Level 5.0 Stealth
 - Level 4.0 Shields
 * Level 7.4 Unarmed Combat
 * Level 2.8 Spellcasting
 + Level 5.0 Transmutations
 - Level 2.0 Poison Magic


You had 4 spell levels left.
You knew the following spells:

 Your Spells              Type           Power      Damage    Failure   Level
a - Beastly Appendage     Tmut           42%        N/A       8%          1
b - Hydra Form            Tmut           10%        N/A       71%         5
x - Spider Form           Tmut/Pois      7%         N/A       26%         3

Your spell library contained the following spells:

 Spells                   Type           Power      Damage    Failure   Level
 Wereblood                Tmut           21%        N/A       11%         2
 Animate Skeleton         Necr           4%         N/A       34%         1
 Apportation              Tloc           4%         N/A       34%         1
 Corona                   Hex            2%         N/A       34%         1
 Summon Small Mammal      Summ           8%         N/A       34%         1
 Ice Form                 Ice/Tmut       12%        N/A       71%         4


Dungeon Overview and Level Annotations

Branches:
Dungeon (6/15)             Temple (1/1) D:4

Altars:
Ashenzari
Dithmenos
Elyvilon
Fedhas
Kikubaaqudgha
Makhleb
Nemelex Xobeh
Okawaru
Ru
Sif Muna
Trog
Vehumet
Wu Jian
Xom
Zin
The Shining One

Shops:
D:3 *   D:6 *

Annotations:
D:3 Grinder
D:4 Edmund


Innate Abilities, Weirdness & Mutations

You are a venomous arachnid creature.
You have poisonous fangs.
You are tiny and dextrous.
Your spellcasting is less reliable in this form.
Your armour is entirely melded.
You are incapable of wielding weapons or throwing items.
You cannot wear most types of armour.
((You are amphibious.))
You can wear up to eight rings at the same time.
((Your skin changes colour to match your surroundings (Stealth+).))
((Your rubbery body absorbs attacks. (AC +1, EV +1)))
((You are camouflaged near water. (Stealth+)))
((You have tentacles for arms and can constrict up to eight enemies at once.))


Message History

You easily resist.
Casting: Spider Form (dangerous; 11% risk of failure)
Confirm with . or Enter, or press ? or * to list all spells.
You turn into a venomous arachnid creature.
Your +2 buckler of resistance melds into your body.
You feel hot and cold all over.
Grinder blinks!
Grinder gestures at you. You resist with almost no effort. Grinder hits you.
You writhe in agony.
You hit Grinder but do no damage. Grinder hits you!
You writhe in agony.
You hit Grinder but do no damage. Grinder closely misses you.
You hit Grinder.
Grinder is lightly wounded.
Grinder hits you!
* * * LOW HITPOINT WARNING * * *
You writhe in agony.
* * * LOW HITPOINT WARNING * * *
You bite Grinder!
Grinder is moderately wounded.
You closely miss Grinder.
Grinder is moderately wounded.
Grinder completely misses you.
You hit Grinder.
Grinder is heavily wounded.
Grinder gestures at you. Pain shoots through your body!
* * * LOW HITPOINT WARNING * * *
You feel better. Grinder hits you!
* * * LOW HITPOINT WARNING * * *
You feel yourself speed up. Grinder completely misses you.
You hit Grinder.
Grinder is heavily wounded.
Grinder gestures at you. You resist with almost no effort.
You hit Grinder.
Grinder is severely wounded.
Grinder hits you.
* * * LOW HITPOINT WARNING * * *
You writhe in agony.
You die...

######################.#.#..#####
#.#......... ###############
#.###..##### #.............# #.#
#....... #.###########.# #.#
#.###### #.##......# #.# #.#
#.#..... ####'##......#
#.#####+###.#...#. #..........[.#
#5#......##.###.#.
#............###s#......##.# #†#.
#............#...#......##.# #.#.
#.......######..........##.# #.#.
#.......# #...#......##.###.#.
#.......# #...#......##.....#.
#.......# #...#......########.
#.......######...#......# #.
##..........##...#......# #.
#####.......##...#......# ######.


You could see Grinder.

Vanquished Creatures
  A necrophage (D:6)
  5 ogres
  A centaur (D:6)
  A bullfrog (D:6)
  4 scorpions
  A wyvern skeleton (D:6)
  A water moccasin skeleton (D:6)
  2 jellies
  2 hounds (D:3)
  4 orc priests
  3 iron imps (D:4)
  An iguana (D:6)
  5 orc wizards
  A hound skeleton (D:5)
  13 adders
  A white imp (D:5)
  An ufetubus (D:5)
  A worm (D:3)
  4 dart slugs
  15 orcs
  7 endoplasms
  3 giant cockroaches
  6 goblins
  5 hobgoblins
  6 jackals (D:2)
  3 quokkas
  6 ball pythons
  3 bats
  4 frilled lizards
  13 kobolds
  10 rats
133 creatures vanquished.

Vanquished Creatures (others)
  26 plants
26 creatures vanquished.

Grand Total: 159 creatures vanquished

Notes
Turn   | Place    | Note
-------+----------+-------------------------------------------
     0 | D:1      | wakim the Octopode Transmuter began the quest for the Orb.
     0 | D:1      | Reached XP level 1. HP: 13/13 MP: 3/3
   337 | D:1      | Reached skill level 1 in Stealth
   404 | D:1      | Reached XP level 2. HP: 18/18 MP: 1/5
   940 | D:1      | Reached XP level 3. HP: 20/23 MP: 4/6
  1709 | D:2      | Reached XP level 4. HP: 9/28 MP: 5/7
  1963 | D:2      | Reached skill level 4 in Unarmed Combat
  2341 | D:2      | Found a faded altar of an unknown god.
  2343 | D:2      | Noticed a scorpion
  2359 | D:2      | Killed a scorpion
  2360 | D:2      | Reached XP level 5. HP: 28/33 MP: 8/8
  2900 | D:3      | Noticed Grinder
  3043 | D:3      | Found an iron altar of Okawaru.
  3083 | D:3      | Found Jiodidd's Assorted Antiques.
  3276 | D:3      | Learned a level 3 spell: Spider Form
  3536 | D:3      | Reached skill level 5 in Unarmed Combat
  3536 | D:3      | Reached skill level 1 in Poison Magic
  3658 | D:3      | Reached XP level 6. HP: 33/38 MP: 5/9
  4043 | D:4      | Identified a scroll of acquirement
  4043 | D:4      | Acquired a +2 buckler of resistance
  4059 | D:4      | Noticed Edmund
  4380 | D:3      | Reached skill level 1 in Shields
  4685 | D:4      | Found an ornate altar of the Wu Jian Council.
  4686 | D:4      | Found a staircase to the Ecumenical Temple.
  4760 | Temple   | Entered the Ecumenical Temple
  5536 | D:4      | Reached XP level 7. HP: 43/43 MP: 5/10
  5699 | D:5      | Entered Level 5 of the Dungeon
  5699 | D:5      | Found a blossoming altar of Fedhas.
  5828 | D:4      | Found a burning altar of Makhleb.
  6080 | D:5      | Reached skill level 6 in Unarmed Combat
  6282 | D:5      | Found a shadowy altar of Dithmenos.
  6331 | D:5      | Reached XP level 8. HP: 47/48 MP: 9/11
  6409 | D:5      | Found a sacrificial altar of Ru.
  6456 | D:5      | Learned a level 5 spell: Hydra Form
  6539 | D:5      | Found a glowing silver altar of Zin.
  8081 | D:6      | Reached skill level 5 in Stealth
  8081 | D:6      | Reached skill level 7 in Unarmed Combat
  8814 | D:6      | Reached skill level 5 in Transmutations
  8814 | D:6      | Reached XP level 9. HP: 54/54 MP: 8/13
  8853 | D:6      | Found Estaabo's Assorted Antiques.
  8950 | D:3      | Bought a scroll labelled ZIAFAE IFUNA for 24 gold pieces
  8950 | D:3      | Bought a red potion for 21 gold pieces
  8950 | D:3      | Bought a scroll labelled ZIAFAE IFUNA for 24 gold pieces
  8950 | D:3      | Bought a sedimented sapphire potion for 21 gold pieces
  8950 | D:3      | Bought a white potion for 21 gold pieces
  8950 | D:3      | Bought a red potion for 21 gold pieces
  9063 | D:3      | HP: 2/54 [Grinder (5)]
  9063 | D:3      | Slain by Grinder

Illustrated notes

Levels and vault maps discovered:
D:1:      kilobyte_arrival_exit_the_forest, layout_basic, minmay_parallelograms
D:2:      layout_loops_ring, basic_ecumenical_altar, minmay_misc_feat_alley,
          lexackson_kobold_supper
D:3:      layout_basic, lemuel_round_altar, serial_shops, nicolae_shop_stone,
          uniq_grinder
D:4:      layout_rooms, lemuel_crystal_altar, demons_altar, temple_statues,
          uniq_edmund
D:5:      layout_rooms, nicolae_dithmenos_shadow_blocks, amcnicky_altar_gilded,
          nicolae_overflow_crystal_walls, lemuel_coloured_pillars_altar,
          serial_bayou, serial_bayou_pond_c, serial_bayou_crossing,
          serial_bayou_pond_e, serial_bayou_pond_c, serial_park_tiny_1,
          minmay_tree_intersection, minmay_checkerbox
D:6:      layout_loops_ring, serial_shops, nicolae_shop_trees
Temple:   grunt_temple_mini_profane

Skill      XL: |  1  2  3  4  5  6  7  8 |
---------------+-------------------------+-----
Stealth        | 1 2 3 5 |  5.0
Unarmed Combat | 4 5 6 7 |  7.4
Dodging        | 3 4 |  4.3
Poison Magic   | 1 2 |  2.0
Shields        | 2 4 |  4.0
Transmutations | 3 4 5 |  5.0
Fighting       | |  1.7
Spellcasting   | |  2.8

Action                   |  1- 3 |  4- 6 |  7- 9 || total
-------------------------+-------+-------+-------++-------
Melee: Unarmed           |    57 |    96 |   168 ||   321
       Constrict         |    14 |    22 |    15 ||    51
       Kick              |    10 |    11 |    17 ||    38
       Tentacles         |    10 |    13 |    11 ||    34
       Punch             |     2 |     2 |     2 ||     6
Throw: Dart              |       |       |     5 ||     5
 Cast: Beastly Appendage |    15 |    12 |    11 ||    38
       Spider Form       |       |     9 |    17 ||    26
  Use: Scroll            |     2 |     8 |     4 ||    14
       Potion            |       |       |     2 ||     2
 Stab: Sleeping          |     6 |    10 |     1 ||    17
Armor: Skin              |     4 |     1 |     3 ||     8
Dodge: Dodged            |    31 |    46 |   111 ||   188
Block: Buckler           |       |     5 |    17 ||    22

Table legend: (Time is in decaauts)
 A = Elapsed time spent in this place.
 B = Non-inter-level travel time spent in this place.
 C = Inter-level travel time spent in this place.
 D = Time resting spent in this place.
 E = Time spent auto-exploring this place.
 F = Levels seen in this place.
 G = Mean time per level.
                   A        B        C        D        E       F      G
               +--------+--------+--------+--------+--------+-----+--------+
         Total |   9049 |   8579 |    470 |   1076 |   5971 |   7 | 1292.7 |
       Dungeon |   8658 |   8214 |    444 |   1076 |   5608 |   6 | 1443.0 |
        Temple |    390 |    364 |     26 |      0 |    363 |   1 |  390.0 |
               +--------+--------+--------+--------+--------+-----+--------+

Top non-repeatable levels by time:
     D:5: 1693 daAuts
     D:3: 1596 daAuts
     D:2: 1530 daAuts
     D:4: 1473 daAuts
     D:1: 1326 daAuts
     D:6: 1037 daAuts
  Temple: 390 daAuts
